AoeStats
← rpr2802

Black Forest

510420804Analyzed
2v2 RM · 3d ago on Sep 30, 2026· 39m 0s· 4 players
Game mode
Random Map
Map size
Medium (4 player)
Population
200
Speed
Normal
Resources
Standard
Victory
Conquest
Starting age
Dark Age
Ending age
Imperial Age
RankedLock teamsTeams togetherTeam positionsShared explorationLock speedFull tech treeHidden civsTurbo modeCheats
Victory
Defeat
🇨🇴 Spanish · Colombia
871
+16
🇨🇴 Wei · Colombia
826
+17
🇺🇸 Franks · United States
890
-18
🇪🇸 Bohemians · Spain
829
-30
rigveri25
0:39 Loom
14:05 Feudal Age
15:42 Wheelbarrow
15:08 Double-Bit Axe
15:05 Horse Collar
17:14 Town Watch
21:08 Castle Age
21:10 Stone Mining
21:14 Gold Mining
24:33 Heavy Plow
28:59 Bow Saw
31:00 Stone Shaft Mining
31:59 Fletching
32:10 Padded Archer Armor
35:07 Imperial Age
33:27 Bodkin Arrow
34:19 Ballistics
34:35 Leather Archer Armor
34:44 Elite Skirmisher
35:54 Fortified Wall
36:12 Bracer
ARESGMGG99
0:35 Loom
15:15 Feudal Age
20:02 Castle Age
20:08 Gold Mining
20:05 Double-Bit Axe
20:55 Horse Collar
22:45 Caravan
31:46 Imperial Age
32:12 Forging
32:03 Scale Mail Armor
32:30 Bow Saw
37:29 Iron Casting
37:10 Chain Mail Armor
37:00 Scale Barding Armor
38:30 Elite Tiger Cavalry
rpr2802
2:01 Loom
12:16 Feudal Age
13:46 Horse Collar
22:39 Castle Age
21:04 Fletching
22:09 Double-Bit Axe
23:13 Crossbowman
24:22 Heavy Plow
26:47 Wheelbarrow
28:06 Town Watch
29:11 Town Patrol
31:36 Hand Cart
33:01 Bow Saw
33:03 Pikeman
36:26 Forging
cjmm76
0:39 Loom
13:07 Feudal Age
18:23 Castle Age
16:31 Double-Bit Axe
18:21 Wheelbarrow
18:09 Town Watch
24:23 Hand Cart
26:15 Bow Saw
26:01 Gold Mining
26:06 Stone Mining
28:00 Caravan
30:20 Town Patrol
34:49 Imperial Age
31:57 Pikeman
32:26 Elite Skirmisher
32:28 Crossbowman
34:15 Treadmill Crane
34:46 Fortified Wall
34:47 Masonry
34:58 Ballistics
34:34 Murder Holes
34:33 Fletching
34:53 Forging
34:44 Padded Archer Armor
34:50 Scale Barding Armor
34:45 Scale Mail Armor
35:54 Conscription
36:53 Bodkin Arrow
38:01 Chemistry
37:32 Architecture
37:34 Coinage
36:40 Man-at-Arms
37:05 Gambesons
37:06 Arson
37:45 Squires
37:08 Capped Ram
38:51 Cavalier
38:52 Light Cavalry
39:32 Husbandry
Connection lost

Rejoining the realm…

Still unreachable

The connection could not be restored.

Session expired

The server has moved on; the page needs a fresh start.